 Dungeon Crawl Stone Soup version 0.28.0-43-g3370ac3207 (webtiles) character file.

Game seed: 14566753099421146255

60 rel the Cudgeller (level 3, 38/57 HPs)
             Began as a Troll Warper on Mar 21, 2022.
             Quit the game on level 3 of the Dungeon on Mar 23, 2022.
             The game lasted 00:07:24 (1043 turns).

rel the Cudgeller (Troll Warper)                    Turns: 1043, Time: 00:07:24

Health: 38/57      AC: 21    Str: 19    XL:     3   Next: 82%
Magic:  4/4        EV:  1    Int: 11    God:
Gold:   131        SH:  0    Dex:  9    Spells: 4/4 levels left

rFire   . . .      SeeInvis .   a - +0 mace
rCold   . . .      Faith    .   (no shield)
rNeg    . . .      Spirit   .   (armour currently unavailable)
rPois   +          Reflect  .   (helmet currently unavailable)
rElec   .          Harm     .   (cloak currently unavailable)
rCorr   .          Rampage  .   (gloves unavailable)
Will    +....      NoTele   +   (boots unavailable)
Stlth   +.........              (no amulet)
HPRegen 0.99/turn               (no ring)
MPRegen 0.09/turn               (no ring)

@: tree-form, attractive
A: stationary, stasis, torment immunity, boosted hp, large, unfitting armour,
(claws 3), regeneration 1, (shaggy fur 1), (tough skin 1), strong-willed 1,
robust 1
a: no special abilities


You were on level 3 of the Dungeon.
You were a tree.
You visited 1 branch of the dungeon, and saw 3 of its levels.

You collected 131 gold pieces.

Inventory:

Hand Weapons
 a - a +0 mace (weapon)
Armour
 b - a +0 robe (melded)
Scrolls
 c - 6 scrolls of blinking
 d - a scroll of teleportation {unknown}
 e - a scroll of noise {unknown}
 f - a scroll of identify {unknown}
 h - a scroll of enchant weapon {unknown}


   Skills:
 * Level 2.1 Fighting
 + Level 2.5 Maces & Flails
 - Level 1.0 Throwing
 + Level 2.3 Dodging
 + Level 1.3 Spellcasting
 + Level 2.4 Translocations


You had 4 spell levels left.
You didn't know any spells.
Your spell library contained the following spells:

 Spells                   Type           Power      Damage    Failure   Level
 Blink                    Tloc           12%        N/A       17%         2
 Gell's Gravitas          Tloc           6%         N/A       34%         3
 Lesser Beckoning         Tloc           6%         N/A       34%         3
 Teleport Other           Tloc           6%         N/A       34%         3
 Manifold Assault         Tloc           6%         N/A       97%         5


Dungeon Overview and Level Annotations

Branches:
Dungeon (3/15)

Altars:
Dithmenos
Makhleb
Qazlal

Shops:
D:3 ?

Annotations:
D:3 Sigmund


Innate Abilities, Weirdness & Mutations

You are a tree.
Your roots penetrate the ground, keeping you stationary.
You cannot be teleported.
You are immune to unholy pain and torment.
Your maximum health is greatly increased.
Your equipment is partially melded.
You are too large for most types of armour.
((You have claws for hands.))
Your natural rate of healing is unusually fast.
((You are covered in fur. (AC +1)))
((You have tough skin. (AC +1)))
You are strong-willed. (Will+)
You are robust. (+10% HP)


Message History

You cannot move.
You cannot move.
You cannot move.
There is a strange disturbance nearby!
You cannot move.
You cannot move.
There is a strange disturbance nearby!
You cannot move.
There is a strange disturbance nearby!
You cannot move.
You cannot move.
You cannot move.
There is a strange disturbance nearby!
You cannot move.
You cannot move.
You cannot move.
You cannot move.
You cannot move.
There is a strange disturbance nearby!
You cannot move.
You cannot move.
You cannot move.
You cannot move.
You cannot move.
You cannot move.
You cannot move.
There is a strange disturbance nearby!
You cannot move.
You cannot move.
You cannot move.
You cannot move.
There is a strange disturbance nearby!
You cannot move.
You cannot move.
You cannot move.
You cannot move.
There is a strange disturbance nearby!
You cannot move.
You cannot move.
Are you sure you want to abandon this character and quit the game? (Confirm with "yes".)

#.......# ## #.....
#.......# .# #.....
#.......# #.# ######..
#.......###.##....####
#.................# #
##.........[.......# #
#................... #
#................... #
#....{♣............. #
#.....$..##†........
##+########........####
##...........
#.########## #.# #.#
########.##########
####..................


There were no monsters in sight!

Vanquished Creatures
  A hound skeleton (D:2)
  An adder (D:3)
  A worm (D:3)
  2 dart slugs (D:2)
  An endoplasm (D:2)
  3 giant cockroaches
  A goblin (D:1)
  3 hobgoblins (D:2)
  7 jackals
  A kobold (D:2)
  A quokka (D:2)
  4 ball pythons
  2 bats
  A rat (D:3)
29 creatures vanquished.

Vanquished Creatures (others)
  2 withered plants (D:2)
2 creatures vanquished.

Grand Total: 31 creatures vanquished

Notes
Turn   | Place    | Note
-------+----------+-------------------------------------------
     0 | D:1      | rel the Troll Warper began the quest for the Orb.
     0 | D:1      | Reached XP level 1. HP: 19/19 MP: 1/1
    29 | D:1      | Reached skill level 1 in Throwing
   155 | D:1      | Reached XP level 2. HP: 28/28 MP: 2/2
   327 | D:2      | Reached XP level 3. HP: 30/35 MP: 4/4
   391 | D:2      | Found a faded altar of an unknown god.
   395 | D:2      | Found a stormy altar of Qazlal.
   718 | D:3      | Found a shadowy altar of Dithmenos.
   718 | D:3      | Found a burning altar of Makhleb.
   835 | D:3      | Found Wiase's Magic Scroll Emporium.
  1020 | D:3      | Noticed Sigmund
  1026 | D:3      | Gained mutation: You are robust. (+10% HP) [potion of
                  | mutation]
  1026 | D:3      | Gained mutation: You are strong-willed. (Will+) [potion of
                  | mutation]
  1043 | D:3      | Quit the game

Illustrated notes

Levels and vault maps discovered:
D:1:      erik_arrival_blinker_ship, layout_loops_ring, kennysheep_crisscross
D:2:      layout_rooms, basic_altar, ebering_ecumenical_altar_petrified,
          grunt_ministairs_13, kennysheep_generic_room_11
D:3:      kb_forest_paths, layout_basic, gammafunk_temple_overflow_statue,
          serial_shops, nicolae_diamond_shop, kennysheep_orc_chapel,
          uniq_sigmund

Skill      XL: |  1  2  3 |
---------------+----------+-----
Throwing       | 1 |  1.0
Dodging        | 2 |  2.3
Maces & Flails | 2 |  2.5
Fighting       | 2 |  2.1
Spellcasting   | |  1.3
Translocations | |  2.4

Action                   || total
-------------------------++-------
Melee: Mace              ||   125
       Punch             ||     1
Throw: Boomerang         ||     5
  Use: Potion            ||     5
Armor: Robe              ||    79
       Skin              ||    10
Dodge: Dodged            ||   120
